 Dungeon Crawl Stone Soup version 0.28-a0-479-g5baa6b73be (webtiles) character file.

Game seed: 14648540521422645321

52 Conn the Firebug (level 3, -1/31 HPs)
             Began as an Octopode Fire Elementalist on Sept 19, 2021.
             Slain by an orc wizard (2 damage)
             ... on level 3 of the Dungeon.
             The game lasted 00:04:21 (2241 turns).

Conn the Firebug (Octopode Fire Elementalist)       Turns: 2241, Time: 00:04:22

Health: -1/31      AC: 21    Str:  7    XL:     3   Next: 85%
Magic:  6/6        EV:  2    Int: 18    God:
Gold:   118        SH:  5    Dex: 12    Spells: 2/6 levels left

rFire   . . .      SeeInvis .   j - +1 short sword (protect)
rCold   . . .      Faith    .   (no shield)
rNeg    + + +      Spirit   .   (helmet currently unavailable)
rPois   +          Reflect  +   l - amulet of reflection
rElec   .          Harm     .   (no ring)
rCorr   .          Rampage  .   (no ring)
Will    .....      NoTele   +   (no ring)
Stlth   +.........              (no ring)
HPRegen 0.10/turn               (no ring)
MPRegen 0.10/turn               (no ring)
                                (no ring)
                                (no ring)

@: brilliant, tree-form, silenced, attractive
A: stationary, stasis, torment immunity, boosted hp, almost no armour,
(amphibious), 8 rings, (camouflage 1), (gelatinous body 1), (nimble swimmer 1),
(tentacles)
a: no special abilities


You were on level 3 of the Dungeon.
You were a tree.
You visited 1 branch of the dungeon, and saw 3 of its levels.

You collected 118 gold pieces.

Inventory:

Hand Weapons
 b - a +0 short sword
 j - a +1 short sword of protection (weapon)
Jewellery
 l - an amulet of reflection (around neck)
Scrolls
 d - a scroll of immolation
 e - a scroll of enchant weapon
 f - a scroll of teleportation
 i - a scroll of magic mapping {unknown}
Potions
 k - 2 potions of attraction


   Skills:
 + Level 0.1 Short Blades
 + Level 2.0 Dodging
 + Level 3.6 Stealth
 + Level 2.4 Spellcasting
 * Level 1.3 Conjurations
 * Level 3.7 Fire Magic


You had 2 spell levels left.
You knew the following spells:

 Your Spells              Type           Power      Damage    Failure   Level
a - Foxfire               Conj/Fire      68%        2x1d7     6%          1
b - Conjure Flame         Conj/Fire      17%        6-21      19%         3

Your spell library contained the following spells:

 Spells                   Type           Power      Damage    Failure   Level
 Scorch                   Fire           46%        2d7       5%          2
 Inner Flame              Hex/Fire       13%        N/A       24%         3
 Flame Wave               Conj/Fire      17%        3d5       52%         4
 Iskenderun's Battlesphe  Conj           10%        2d6       95%         5
 Iron Shot                Conj/Erth      3%         9d2       100%        6
 Spellforged Servitor     Conj/Summ      3%         N/A       100%        7


Dungeon Overview and Level Annotations

Branches:
Dungeon (3/15)

Altars:
Qazlal


Innate Abilities, Weirdness & Mutations

You are a tree.
Your roots penetrate the ground, keeping you stationary.
You cannot be teleported.
You are immune to unholy pain and torment.
Your maximum health is greatly increased.
You cannot wear most types of armour.
((You are amphibious.))
You can wear up to eight rings at the same time.
((Your skin changes colour to match your surroundings (Stealth+).))
((Your rubbery body absorbs attacks. (AC +1, EV +1)))
((You are camouflaged near water. (Stealth+)))
((You have tentacles for arms and can constrict up to eight enemies at once.))


Message History

You aren't carrying any armour which can be enchanted further.
The orc wizard hits you but does no damage.
You block the orc wizard's attack.
As you read the scroll labelled TEORCH XEOSK, it crumbles to dust.
A profound silence engulfs you.
It was a scroll of silence.
The orc wizard hits you but does no damage. x2
The orc wizard hits you with a +2 dagger of speed.
Magic scrolls do not work when you're silenced!
Okay, then.
Unknown command.
Unknown command.
Unknown command.
The orc wizard hits you but does no damage.
The orc wizard hits you with a +0 dagger.
* * * LOW HITPOINT WARNING * * *
You block the orc wizard's attack. x2
The orc wizard hits you but does no damage.
The orc wizard hits you but does no damage. x2
The orc wizard hits you but does no damage.
The orc wizard hits you with a +2 dagger of speed.
* * * LOW HITPOINT WARNING * * *
The orc wizard hits you but does no damage.
The orc wizard hits you but does no damage.
The orc wizard hits you with a +0 dagger.
* * * LOW HITPOINT WARNING * * *
The orc wizard hits you but does no damage. x3
The orc wizard hits you but does no damage. x2
The orc wizard hits you but does no damage.
The orc wizard hits you with a +2 dagger of speed.
* * * LOW HITPOINT WARNING * * *
The orc wizard hits you but does no damage.
The orc wizard hits you but does no damage. x2
Okay, then.
The orc wizard hits you but does no damage.
The orc wizard hits you with a +2 dagger of speed.
* * * LOW HITPOINT WARNING * * *
The orc wizard barely misses you.
The orc wizard hits you but does no damage. x3
The orc wizard hits you with a +2 dagger of speed.
You die...

#.......#
#.......#
#.....<.#
#.......#
#.......#
##.##.####
###...#)#
......o.#
##o..#♣#
#.##o#
##.).#
#.### #+#
#.# #.# #.#
#.#######
#.#
##.......#
#.#
##......(.#
#.#


You could see 2 orc wizards.

Vanquished Creatures
  A worm (D:2)
  2 dart slugs
  3 orcs (D:3)
  2 ball pythons (D:2)
  A bat (D:1)
  4 endoplasms (D:1)
  2 giant cockroaches
  2 goblins (D:1)
  5 hobgoblins
  4 kobolds
  3 quokkas (D:1)
  2 frilled lizards
  7 rats
38 creatures vanquished.

Vanquished Creatures (others)
  81 foxfires
81 creatures vanquished.

Grand Total: 119 creatures vanquished

Notes
Turn   | Place    | Note
-------+----------+-------------------------------------------
     0 | D:1      | Conn the Octopode Fire Elementalist began the quest for the
                  | Orb.
     0 | D:1      | Reached XP level 1. HP: 11/11 MP: 3/3
   493 | D:1      | Reached XP level 2. HP: 17/17 MP: 0/5
   863 | D:1      | Reached XP level 3. HP: 20/21 MP: 1/6
  1371 | D:2      | Found a stormy altar of Qazlal.
  1819 | D:2      | Found a faded altar of an unknown god.
  2071 | D:2      | Learned a level 3 spell: Conjure Flame
  2239 | D:3      | HP: 1/31 [orc wizard (2)]
  2241 | D:3      | Slain by an orc wizard

Illustrated notes

Levels and vault maps discovered:
D:1:      dpeg_arrival_round_b, layout_basic, serial_corexii_hall,
          corexii_hall_statues_l, corexii_hall_statues_x,
          minmay_misc_feat_pillars, chequers_arboretum
D:2:      layout_rooms, basic_altar, ebering_ecumenical_altar_hall,
          kennysheep_generic_room_12
D:3:      layout_loops_corners, xom_butterflies,
          gammafunk_temple_overflow_pools, nicolae_ashenzari_skybound

Skill      XL: |  1  2 |
---------------+-------+-----
Stealth        | 3 |  3.6
Short Blades   | |  0.1
Dodging        | |  2.0
Spellcasting   | |  2.4
Conjurations   | |  1.3
Fire Magic     | |  3.7

Action                   || total
-------------------------++-------
Melee: Short sword       ||    42
       Constrict         ||    14
       Tentacles         ||     3
 Cast: Foxfire           ||    47
  Use: Scroll            ||     5
       Potion            ||     3
 Stab: Sleeping          ||     4
Armor: Skin              ||    34
Dodge: Dodged            ||    24
Block: Other             ||     5

Table legend: (Time is in decaauts)
 A = Elapsed time spent in this place.
 B = Non-inter-level travel time spent in this place.
 C = Inter-level travel time spent in this place.
 D = Time resting spent in this place.
 E = Time spent auto-exploring this place.
 F = Levels seen in this place.
 G = Mean time per level.
                   A        B        C        D        E       F      G
               +--------+--------+--------+--------+--------+-----+--------+
         Total |   2244 |   2138 |    106 |    113 |   1584 |   3 |  748.0 |
       Dungeon |   2244 |   2138 |    106 |    113 |   1584 |   3 |  748.0 |
               +--------+--------+--------+--------+--------+-----+--------+

Top non-repeatable levels by time:
     D:1: 1303 daAuts
     D:2: 781 daAuts
     D:3: 159 daAuts
